 Dungeon Crawl Stone Soup version 0.32-a0-30-gefbe487952 (webtiles) character file.

Game seed: 5203022634657157436

3079277 Charly the Slayer (level 27, 169/169 HPs)
             Began as a Vine Stalker Fighter on Jan 18, 2024.
             Was an Initiate of Gozag.
             Escaped with the Orb
             ... and 5 runes on Jan 20, 2024!
             The game lasted 03:38:05 (73036 turns).

Charly the Slayer (Vine Stalker Fighter)           Turns: 73036, Time: 03:38:05

Health: 169/169    AC: 46    Str: 30    XL:     27
Magic:  57/57      EV: 18    Int:  6    God:    Gozag
Gold:   2766       SH: 25    Dex: 15    Spells: 57/57 levels left

rFire   + + .        Z - +6 eveningstar (freeze)
rCold   + + +        z - +2 tower shield {reflect}
rNeg    . . .        c - +11 gold dragon scales
rPois   +            A - +3 crown of Dyrovepreva {rElec Int+2 SInv}
rElec   +            B - +0 cloak "Qumuz" {^Drain Will+++ rCorr Int-2}
rCorr   +            m - +2 pair of gloves {infuse}
SInv    +            V - +0 pair of boots "Mimmikuz" {MP+9}
Will    +++++        u - amulet of regeneration Stlth
                     M - ring "Ethin" {rF+ EV+5}
HPRegen 2.08/turn    k - ring of Sasmaem {*Slow rPois rC++ Will+ AC+4}
MPRegen 0.35/turn

%: slow self (1%), reflection, guardian spirit, infuse magic (1 MP)
@: gold aura, studying 3 skills, bribing [the Dungeon]
A: fangs 3, regeneration 1, magic shield, antimagic bite, no potion heal 2,
antennae 1, dopey 1, high MP 1, weak 1
0: Orb of Zot
}: 5/15 runes: barnacled, slimy, silver, abyssal, gossamer
a: Renounce Religion, Potion Petition, Call Merchant, Bribe Branch


You escaped.
You worshipped Gozag.
Gozag was most pleased with you.
You visited 11 branches of the dungeon, and saw 53 of its levels.
You visited the Abyss 2 times.
You also visited: Gauntlet, Ice Cave and Wizlab.

You collected 34740 gold pieces.
You spent 12456 gold pieces at shops.
You paid 19518 gold pieces to Gozag.

Inventory:

Hand Weapons
 Y - a +3 demon whip of venom
 Z - a +6 eveningstar of freezing (weapon)
Missiles
 Q - 11 curare-tipped darts
Armour
 c - +11 gold dragon scales (worn)
 m - a +2 pair of gloves of infusion (worn)
 z - a +2 tower shield of reflection (worn)
 A - the +3 crown of Dyrovepreva (worn) {rElec Int+2 SInv}
   (You found it on level 1 of the Depths)

   Int+2:     It affects your intelligence (+2).
   rElec:     It insulates you from electricity.
   SInv:      It lets you see invisible.
 B - the +0 cloak "Qumuz" (worn) {^Drain Will+++ rCorr Int-2}
   (You found it on level 1 of the Lair of Beasts)

   Int-2:     It affects your intelligence (-2).
   Will+++:   It greatly increases your willpower.
   rCorr:     It protects you from acid and corrosion.
   ^Drain:    It drains your maximum health when unequipped.
 V - the +0 pair of boots "Mimmikuz" (worn) {MP+9}
   (You bought it in a shop on level 2 of the Orcish Mines)

   MP+9:      It affects your magic capacity (+9).
Jewellery
 k - the ring of Sasmaem (right hand) {*Slow rPois rC++ Will+ AC+4}
   (You bought it in a shop on level 1 of the Dungeon)

   [ring of protection]

   AC+4:      It affects your AC (+4).
   rC++:      It greatly protects you from cold.
   rPois:     It protects you from poison Will+: It increases your willpower.
   *Slow:     It may slow you when you take damage.
 n - the ring "Zidian" {rPois rC+ rN+ Str+2 Dex-4}
   (You bought it in a shop on level 2 of the Vaults)

   [ring of protection from cold]

   Str+2:     It affects your strength (+2).
   Dex-4:     It affects your dexterity (-4).
   rC+:       It protects you from cold.
   rPois:     It protects you from poison rN+: It protects you from negative
   energy.
 u - an amulet of regeneration (around neck)
 M - the ring "Ethin" (left hand) {rF+ EV+5}
   (You took it off a deep elf annihilator on level 3 of the Elven Halls)

   [ring of evasion]

   EV+5:      It affects your evasion (+5).
   rF+:       It protects you from fire.
Wands
 f - a wand of polymorph (26)
 i - a wand of flame (74)
 F - a wand of acid (30)
 G - a wand of paralysis (32)
 P - a wand of mindburst (55)
 R - a wand of iceblast (41)
 T - a wand of digging (12)
Scrolls
 a - 7 scrolls of immolation
 e - 32 scrolls of teleportation
 p - 14 scrolls of fog
 q - 8 scrolls of vulnerability
 r - 5 scrolls of poison
 t - 6 scrolls of blinking
 v - 4 scrolls of butterflies
 I - 2 scrolls of silence
 O - 13 scrolls of fear
 S - 2 scrolls of revelation
Potions
 d - 2 potions of might
 g - 5 potions of ambrosia
 h - 12 potions of enlightenment
 j - 7 potions of mutation
 s - 3 potions of cancellation
 x - 6 potions of lignification
 C - 25 potions of curing
 D - 9 potions of attraction
 J - 3 potions of magic
 K - 2 potions of invisibility
 N - 5 potions of resistance
 U - 3 potions of haste
 W - 2 potions of berserk rage
Miscellaneous
 b - a condenser vane (quivered)
 o - a phial of floods
 w - a lightning rod (4/4)
 y - a sack of spiders
 L - a phantom mirror


   Skills:
 * Level 25.5 Fighting
 - Level 16.0 Maces & Flails
 + Level 16.5 Armour
 + Level 16.2 Dodging
 + Level 22.6 Shields
 - Level 15.7 Spellcasting
 - Level 15.0 Evocations


You had 57 spell levels left.
You didn't know any spells.
Your spell library contained the following spells:

 Spells                   Type           Power      Damage    Failure   Level
 Apportation              Tloc           8%         N/A       87%         1
 Foxfire                  Conj/Fire      16%        2x1d4     87%         1
 Kiss of Death            Conj/Necr      16%        2d6       87%         1
 Sandblast                Erth           8%         2d5       87%         1
 Shock                    Conj/Air       16%        1d4       87%         1
 Slow                     Hex            16%        N/A       87%         1
 Sting                    Conj/Alch      16%        1d4       87%         1
 Summon Small Mammal      Summ           16%        N/A       87%         1
 Blink                    Tloc           8%         N/A       95%         2
 Call Imp                 Summ           8%         N/A       95%         2
 Cigotuvi's Dreadful Rot  Necr/Alch/Air  8%         N/A       95%         2
 Ensorcelled Hibernation  Hex/Ice        8%         N/A       95%         2
 Jinxbite                 Hex            8%         N/A       95%         2
 Lesser Beckoning         Tloc           8%         N/A       95%         2
 Mercury Vapours          Alch/Air       8%         N/A       95%         2
 Momentum Strike          Conj/Tloc      8%         3d8       95%         2
 Sublimation of Blood     Necr           4%         N/A       95%         2
 Call Canine Familiar     Summ           4%         N/A       99%         3
 Confusing Touch          Hex            4%         N/A       99%         3
 Fugue of the Fallen      Necr           4%         N/A       99%         3
 Gell's Gravitas          Tloc           4%         N/A       99%         3
 Hailstorm                Conj/Ice       4%         3d5       99%         3
 Inner Flame              Hex/Fire       4%         N/A       99%         3
 Ozocubu's Armour         Ice            4%         N/A       99%         3
 Passwall                 Erth           4%         N/A       99%         3
 Sigil of Binding         Hex            4%         N/A       99%         3
 Stone Arrow              Conj/Erth      8%         3d7       99%         3
 Swiftness                Air            4%         N/A       99%         3
 Teleport Other           Tloc           4%         N/A       99%         3
 Vampiric Draining        Necr           4%         2d6       99%         3
 Volatile Blastmotes      Fire/Tloc      8%         2d10      99%         3
 Airstrike                Air            2%         2d(1-17)  100%        4
 Anguish                  Hex/Necr       2%         N/A       100%        4
 Animate Armour           Summ/Erth      8%         N/A       100%        4
 Brom's Barrelling Bould  Conj/Erth      4%         2d3       100%        4
 Dimensional Bullseye     Hex/Tloc       2%         N/A       100%        4
 Dispel Undead            Necr           4%         3d7       100%        4
 Fulminant Prism          Conj/Alch      2%         3d5       100%        4
 Ignite Poison            Fire/Alch      4%         N/A       100%        4
 Iskenderun's Mystic Bla  Conj/Tloc      4%         2d3       100%        4
 Leda's Liquefaction      Alch/Erth      2%         N/A       100%        4
 Manifold Assault         Tloc           4%         N/A       100%        4
 Martyr's Knell           Necr/Summ      4%         N/A       100%        4
 Olgreb's Toxic Radiance  Alch           4%         N/A       100%        4
 Passage of Golubria      Tloc           4%         N/A       100%        4
 Petrify                  Alch/Erth      4%         N/A       100%        4
 Sticky Flame             Fire/Alch      4%         2d4       100%        4
 Summon Blazeheart Golem  Fire/Summ      4%         N/A       100%        4
 Summon Lightning Spire   Summ/Air       4%         N/A       100%        4
 Vhi's Electric Charge    Tloc/Air       8%         N/A       100%        4
 Alistair's Intoxication  Alch           2%         N/A       100%        5
 Arcjolt                  Conj/Air       2%         1d12      100%        5
 Borgnjor's Vile Clutch   Necr/Erth      2%         N/A       100%        5
 Fireball                 Conj/Fire      2%         3d4       100%        5
 Freezing Cloud           Conj/Ice/Air   2%         6-21      100%        5
 Irradiate                Conj/Alch      2%         3d12      100%        5
 Iskenderun's Battlesphe  Conj           4%         2d6       100%        5
 Lee's Rapid Deconstruct  Erth           2%         3d4*      100%        5
 Metabolic Englaciation   Hex/Ice        2%         N/A       100%        5
 Silence                  Hex/Air        2%         N/A       100%        5
 Summon Forest            Summ/Tloc      2%         N/A       100%        5
 Bombard                  Conj/Erth      2%         9d1       100%        6
 Conjure Ball Lightning   Conj/Air       2%         3x3d6     100%        6
 Death Channel            Necr           2%         N/A       100%        6
 Dispersal                Tloc           2%         N/A       100%        6
 Eringya's Noxious Bog    Alch           2%         4d6       100%        6
 Plasma Beam              Fire/Air       2%         2x1d12    100%        6
 Sculpt Simulacrum        Ice/Alch       2%         N/A       100%        6
 Starburst                Conj/Fire      2%         6d3       100%        6
 Haunt                    Necr/Summ      2%         N/A       100%        7
 Ozocubu's Refrigeration  Ice            2%         4d7       100%        7
 Spellforged Servitor     Conj/Summ      2%         N/A       100%        7
 Borgnjor's Revivificati  Necr           2%         N/A       100%        8
 Discord                  Hex            2%         N/A       100%        8
 Disjunction              Tloc           2%         N/A       100%        8
 Ignition                 Fire           2%         3d3       100%        8
 Lehudib's Crystal Spear  Conj/Erth      2%         10d2      100%        8
 Death's Door             Necr           2%         N/A       100%        9
 Polar Vortex             Ice            2%         N/A       100%        9


Dungeon Overview and Level Annotations

Branches:
Dungeon (15/15)            Temple (1/1) D:6            Lair (5/5) D:8
 Shoals (4/4) Lair:3       Spider (4/4) Lair:3        Slime (5/5) Lair:4
    Orc (2/2) D:12            Elf (3/3) Orc:2        Vaults (5/5) D:13
  Crypt (0/3) Vaults:3     Depths (4/4) D:15            Zot (5/5) Depths:4
  IceCv (visited)          WizLab (visited)         Gauntlet (visited)

Altars:
Ashenzari
Cheibriados
Dithmenos
Elyvilon
Fedhas
Gozag
Hepliaklqana
Kikubaaqudgha
Makhleb
Nemelex Xobeh
Okawaru
Qazlal
Ru
Sif Muna
Trog
Uskayaw
Vehumet
Wu Jian
Xom
Yredelemnul
Zin
The Shining One
Jiyva

Shops:
D:1 !=!   D:2 ?   D:5 ?   D:7 !   D:11 [   Orc:2 =(=?![(   Lair:2 (   Lair:4 (
Shoals:2 ((   Vaults:2 =*[   Vaults:3 [   Vaults:4 :[   Zot:1 ?[   Depths:1 !
Depths:2 [([

Portals:
Hell: Depths:1 Depths:2 Depths:3 Depths:4
Abyss: Depths:3
Pandemonium: Depths:2 Depths:3
Ziggurat: Depths:2
Trove: D:15 (give +2 shadow dragon scales)

Annotations:
Elf:2 3 runed translucent doors


Innate Abilities, Weirdness & Mutations

You have razor-sharp teeth.
Your natural rate of healing is unusually fast.
When hurt, damage is shared between your health and your magic reserves.
Your bite disrupts and absorbs the magic of your enemies.
Potions cannot restore your health.
You have a pair of small antennae on your head.
You are dopey. (Int -2)
You have an increased reservoir of magic. (+10% MP)
You are weak. (Str -2)


Message History

Your Brimstone Fiend hits the angel but does no damage.
Your Brimstone Fiend hits the angel.
Your Brimstone Fiend completely misses the angel.
Your Orb Guardian hits the angel but does no damage.
The angel hits your Brimstone Fiend with a +3 sacred scourge of holy wrath!
Your Brimstone Fiend convulses!
The angel hits your Brimstone Fiend but does no damage.
Your Brimstone Fiend hits the angel!
Your Brimstone Fiend misses the angel.
Your Brimstone Fiend hits the angel.
Your Orb Guardian hits the angel!!
The angel hits your Brimstone Fiend with a +3 sacred scourge of holy wrath!
Your Brimstone Fiend convulses!
Your Brimstone Fiend dies!
Your Orb Guardian hits the angel.
Something hits the angel!!
You feel a bit more experienced.
A large abomination comes into view.
A large abomination comes into view.
The large abomination moves out of view.
The sun demon stares, then turns away, jangling a coin purse. 2 sun demons come into view.
The sun demon moves out of view.
Something hits the sun demon!
The sun demon is engulfed in flames.
The sun demon completely resists.
A sun demon opens the door.
The sun demon hits something.
Something is engulfed in flames.
The sun demon stares, then turns away, jangling a coin purse.
Your Orb Guardian hits the large abomination!!
The large abomination hits your Orb Guardian!
The large abomination hits your Orb Guardian!!
Your Orb Guardian hits the large abomination!!
The large abomination is destroyed!
There is an open door here.
You feel a bit more experienced.
Aiming: Dig
Press: ? - help, Shift-Dir - straight line, f - you Please select a direction to dig.
This square is covered in magical glow.
The rock shatters into small pieces.
There is a staircase leading out of the dungeon here.
You have escaped!

....#.#############...........###
......#...#...#...#(#'#..........
#...#.#.......#...'.#.#....##....
#.#...#...#...#...#.#.#....##....
......##.###.###.##.#.#....######
..#.#.##.# #.# #.##.#.#..........
......##.###.###.##.#.#[....#....
......#...#...#...#.#.......#....
......#...#.....@X..#.....#.#....
......#...#...#...#.#.....#.#....
......##.###.###.##.#.....#.'....
......##.# #.# #.##.#......##....
....#.##.###.###.##.#.XX...++....
......#...#...#...#.#.........3.3
......'...#.......#.'............
......#...#...#...###.........###
......############# #.........###


You could see a friendly Orb Guardian.

Vanquished Creatures
  the Royal Jelly (Slime:5)
  Tiamat (Zot:3)
  2 dread liches
  4 ancient liches
  6 orbs of fire
  The ghost of Qedwod the Pyromancer, a veteran DrFE of Vehumet (Vaults:3)
  Boris (twice) (Vaults:1 Vaults:3)
  Parghit (Depths:4)
  6 Killer Klowns
  2 curse toes
  Saint Roka (Elf:2)
  A caustic shrike (Depths:3)
  Nikola (Spider:3)
  19 golden dragons
  A bone dragon (Depths:4)
  3 electric golems
  Rupert (Spider:1)
  15 tentacled monstrosities
  2 Ice Fiends
  Jorgrun (D:13)
  7 liches
  A walking crystal tome (Depths:2)
  27 Orb Guardians
  A Hell Sentinel (D:15)
  4 titans
  2 deep elf blademasters (Elf:3)
  7 quicksilver dragons
  A walking divine tome (Depths:3)
  3 deep elf master archers (Elf:3)
  20 acid blobs
  8 death cobs
  Gastronok (D:12)
  4 sphinxes
  2 krakens
  A tentacled starspawn (Abyss:3)
  Kirke (Elf:1)
  Donald (Spider:4)
  17 storm dragons
  6 tengu reavers
  14 shadow dragons
  12 azure jellies
  A daeva (Zot:2)
  13 rockslimes
  3 draconian monks
  2 emperor scorpions (Spider:4)
  6 draconian knights
  22 vault wardens
  7 protean progenitors
  5 draconian scorchers
  3 iron dragons
  9 fire giants
  2 deep elf elementalists (Elf:3)
  3 frost giants
  Louise (Shoals:1)
  8 deep elf sorcerers
  An angel (Shoals:4)
  2 draconian stormcallers
  7 draconian shifters
  8 ghost moths
  6 draconian annihilators
  2 orc warlords
  34 ironbound preservers
  27 very ugly things
  A broodmother (Spider:3)
  3 spriggan defenders (Depths:3)
  9 quicksilver oozes
  4 starflowers
  8 formless jellyfish
  21 stone giants
  6 vampire knights
  5 deep elf death magi
  5 deep elf demonologists
  7 ironbound thunderhulks
  12 green draconians
  An apis (Shoals:4)
  10 red draconians
  The ghost of nj0rd12 the Warrior, a journeyman MiFi of the Shining One (Lair:2)
  14 black draconians
  8 yellow draconians
  2 war gargoyles (Vaults:4)
  7 dire elephants
  10 deep elf annihilators
  5 spark wasps
  10 purple draconians
  A minotaur (Gauntlet)
  11 white draconians
  10 merfolk javelineers
  13 ettins
  A blizzard demon (Depths:2)
  10 crystal guardians
  12 merfolk impalers
  Josephine (D:12)
  3 entropy weavers
  2 mummy priests (WizLab)
  7 fire dragons
  6 deep elf high priests
  10 yaktaur captains
  A hell beast (Depths:3)
  4 rakshasas
  12 great orbs of eyes
  11 ice dragons
  2 jorogumos (Zot:4)
  Erolcha (D:13)
  5 ogre magi
  5 peacekeepers
  7 hydras
  8 ironbound frosthearts
  2 catoblepae
  3 merfolk avatars
  38 vault guards
  3 radroaches
  A caustic shrike simulacrum (IceCv)
  3 alligator snapping turtles
  2 anacondas (Zot:4)
  7 boulder beetles
  A radroach (shapeshifter) (Depths:3)
  2 death knights
  8 centaur warriors
  4 spriggan air magi
  A two-headed ogre (shapeshifter) (Spider:1)
  8 merfolk aquamancers
  8 death scarabs (Spider:4)
  19 dancing weapons
  A death yak (Shoals:3)
  5 satyrs
  7 tengu warriors
  17 two-headed ogres
  7 deep troll shamans
  3 vampire magi
  4 demonic crawlers
  12 deep troll earth magi
  An orc high priest (Elf:2)
  A shock serpent (shapeshifter) (Vaults:5)
  3 occultists
  2 thrashing horrors
  14 hell knights
  17 deep elf knights
  9 spriggan berserkers
  4 wretched stars (Abyss:3)
  3 soul eaters
  9 skeletal warriors
  A shadow wraith (Vaults:4)
  A sixfirhy (Depths:2)
  6 skysharks
  4 pharaoh ants
  3 cherubim (Shoals:4)
  6 iron trolls
  9 glowing orange brains
  Lodul (D:11)
  89 deep trolls
  2 goliath frogs (Zot:4)
  A spark wasp zombie (WizLab)
  10 arcanists
  9 sea snakes
  A swamp dragon (Spider:2)
  2 shadow demons
  A golden dragon zombie (WizLab)
  2 obsidian statues
  3 flayed ghosts
  A sun moth (Spider:3)
  A shadow dragon zombie (WizLab)
  5 orb spiders
  9 spriggan simulacra (IceCv)
  An orange crystal statue (Depths:1)
  A sea snake (shapeshifter) (Vaults:5)
  A bog body (IceCv)
  21 ironbound convokers
  19 deep elf zephyrmancers
  5 phantasmal warriors
  A wolf spider zombie (Spider:4)
  8 steelbarb worms
  22 deep elf pyromancers
  A spectral jorogumo (Spider:4)
  5 lindwurms
  11 deep elf archers
  6 orc knights
  2 golden dragon skeletons (Depths:1)
  2 starcursed masses (Abyss:3)
  A tengu zombie (WizLab)
  5 shining eyes
  A stone giant zombie (WizLab)
  23 wolf spiders
  3 spectral wolf spiders (Spider:4)
  9 cyclopes
  A glowing shapeshifter (Vaults:5)
  10 necromancers
  An oklob plant (Abyss:3)
  14 manticores
  3 orc sorcerers
  A fire giant zombie (WizLab)
  19 harpies
  38 ugly things
  2 fauns (shapeshifter) (Vaults:5)
  12 fauns
  6 black mambas
  6 meliai
  A kobold blastminer (Orc:1)
  36 moths of wrath
  2 demonspawn zombies (WizLab)
  25 vault sentinels
  A black mamba (shapeshifter) (D:14)
  2 meliai (shapeshifter)
  A smoke demon (Abyss:3)
  9 merfolk sirens
  6 elephants
  2 eyes of devastation (shapeshifter)
  An orange demon (Depths:2)
  2 water nymphs (shapeshifter)
  A guardian serpent (shapeshifter) (Elf:3)
  5 eyes of devastation
  Maggie (D:6)
  2 large abominations
  5 water nymphs
  8 torpor snails
  2 spectral redbacks (Spider:4)
  The ghost of gruber the Covert, a novice VSFi of Hepliaklqana (D:6)
  9 cane toads
  A hellion (Depths:2)
  3 unseen horrors
  8 komodo dragons
  Jeremiah (D:6)
  A golden dragon simulacrum (IceCv)
  7 freezing wraiths
  28 yaktaurs
  2 kobold demonologists (D:11)
  9 ice devils (IceCv)
  14 rime drakes
  2 tengu conjurers
  2 redback zombies (Spider:4)
  A yaktaur skeleton (Vaults:1)
  A spark wasp simulacrum (Depths:1)
  5 efreet
  A polar bear (shapeshifter) (Elf:2)
  5 guardian mummies
  7 tyrant leeches
  The ghost of Wankojul the Covert, a novice SpDe (Lair:5)
  24 merfolk
  3 human zombies (WizLab)
  14 trolls
  15 hornets
  A queen bee (shapeshifter) (D:14)
  22 tarantellas
  5 dream sheep
  A snapping turtle (shapeshifter) (Depths:2)
  8 wind drakes
  6 polar bears
  14 blink frogs
  3 alligator simulacra (IceCv)
  4 spectral jumping spiders (Spider:4)
  Prince Ribbit (D:7)
  3 glass eyes
  A dream sheep (shapeshifter) (Spider:1)
  2 jumping spider zombies (Spider:4)
  A tarantella zombie (Spider:4)
  9 snapping turtles
  105 slime creatures
  A jumping spider (shapeshifter) (Depths:3)
  16 jumping spiders
  20 culicivoras
  14 water elementals
  4 dire elephant simulacra (IceCv)
  5 shadows
  The ghost of t4s4d4r the Conjurer, an amateur DEEE of Vehumet (D:4)
  4 vampires
  4 spriggans
  3 wyverns
  A ynoxinul (D:9)
  4 wraiths
  3 hogs (Elf:1)
  9 steam dragons
  7 basilisks
  A fire bat (D:12)
  78 yaks
  3 fire elementals
  A redback (shapeshifter) (Vaults:4)
  2 golden eyes (Slime:5)
  8 humans (D:13)
  An elf simulacrum (Vaults:1)
  39 redbacks
  17 vampire mosquitoes
  A neqoxec (Depths:2)
  3 wargs
  2 chaos spawn
  Menkaure (D:4)
  2 harpy simulacra (IceCv)
  10 minotaur simulacra (IceCv)
  2 glowing shapeshifter zombies
  A small abomination (Abyss:3)
  A swamp worm (shapeshifter) (Vaults:5)
  2 acid dragons
  10 water moccasins
  2 hell hounds (Gauntlet)
  A hydra simulacrum (IceCv)
  An ice beast (D:5)
  A laughing skull (D:15)
  4 sky beasts
  Duvessa (D:6)
  3 black bears
  18 orc warriors
  An ettin simulacrum (IceCv)
  A glowing shapeshifter skeleton (Depths:1)
  32 ogres
  An ogre skeleton (Vaults:1)
  10 centaurs
  11 wolves
  A phantom (D:7)
  2 human skeletons (Vaults:1)
  9 kobold brigands
  9 deep troll simulacra (IceCv)
  A gnoll sergeant (D:7)
  2 earth elementals
  2 scorpions
  13 bullfrogs
  8 wights
  Dowan (D:5)
  3 killer bees (D:10)
  2 howler monkeys
  6 electric eels
  2 bombardier beetles
  4 hounds
  2 jellies
  12 orc priests
  A sleepcap (D:5)
  An iguana (D:5)
  20 orc wizards
  5 adders
  7 gnolls
  2 white imps
  An ufetubus (Abyss:2)
  2 dart slugs
  A ribbon worm (D:2)
  66 orcs
  5 ball pythons
  6 bats
  5 endoplasms
  A giant cockroach (D:2)
  4 goblins
  9 hobgoblins
  4 jackals (D:1)
  24 kobolds
  3 quokkas
  5 frilled lizards
  5 rats
  8 tentacles
2427 creatures vanquished.

Vanquished Creatures (collateral kills)
  Sojobo (Vaults:3)
  Zenata (Vaults:1)
  Aizul (Spider:2)
  An angel (D:1)
  A draconian annihilator (Zot:3)
  A centaur warrior (Vaults:3)
  2 large abominations (D:1)
  A moth of wrath (Spider:4)
  An ice devil (D:1)
10 creatures vanquished.

Vanquished Creatures (others)
  A Brimstone Fiend (D:1)
  A tentacled starspawn (Abyss:3)
  A balrug (D:1)
  A radroach (Spider:3)
  A demonic crawler (Spider:4)
  A deep elf knight (Elf:3)
  A sun demon (D:1)
  A deep elf archer (Elf:2)
  2 deep elf zephyrmancers (Elf:3)
  An ice devil (Zot:5)
  2 yaks
  A culicivora (Spider:3)
  3 humans
  A water elemental (Shoals:4)
  A warg (Elf:2)
  A redback (Spider:3)
  A neqoxec (Zot:5)
  A laughing skull (D:15)
  A tengu (shapeshifter) (Depths:3)
  10 ball lightnings (Zot:5)
  A lurking horror (Abyss:3)
  8 starspawn tentacles (Abyss:3)
  20 tentacles
62 creatures vanquished.

Grand Total: 2499 creatures vanquished

Notes
Turn   | Place    | Note
-------+----------+-------------------------------------------
     0 | D:1      | Charly the Vine Stalker Fighter began the quest for the
                  | Orb.
     0 | D:1      | Reached XP level 1. HP: 11/11 MP: 2/2
    79 | D:1      | Reached XP level 2. HP: 16/16 MP: 3/3
   104 | D:1      | Found Afiefauk's Distillery.
   142 | D:1      | Found Sontuqie's Distillery.
   191 | D:1      | Reached skill level 3 in Fighting
   542 | D:1      | Reached XP level 3. HP: 19/20 MP: 2/4
   635 | D:1      | Found Beakurcha's Jewellery Boutique.
  1136 | D:2      | Found a faded altar of an unknown god.
  1140 | D:2      | Got Plato's Verses on Open Graves
  1207 | D:2      | Found Optayg's Magic Scroll Shoppe.
  1210 | D:2      | Bought a scroll of fear for 40 gold pieces
  1342 | D:2      | Found a radiant altar of Vehumet.
  1687 | D:2      | Reached XP level 4. HP: 24/24 MP: 5/5
  1997 | D:3      | Found a radiant altar of Vehumet.
  2149 | D:2      | Bought a scroll of teleportation for 30 gold pieces
  3003 | D:2      | Bought a scroll of butterflies for 40 gold pieces
  3091 | D:4      | Reached XP level 5. HP: 28/29 MP: 4/6
  3181 | D:4      | Found a hide-covered altar of Uskayaw.
  3185 | D:4      | Found a shimmering altar of Xom.
  3189 | D:4      | Found a sacrificial altar of Ru.
  3468 | D:4      | Found a runed translucent gate.
  3468 | D:4      | Noticed a kobold brigand
  3469 | D:4      | Found a runed translucent gate.
  3470 | D:4      | Found a runed translucent gate.
  3472 | D:4      | Noticed t4s4d4r's ghost (amateur DEEE)
  3671 | D:4      | Reached skill level 1 in Spellcasting
  3671 | D:4      | Reached XP level 6. HP: 32/33 MP: 8/8
  3679 | D:4      | Reached skill level 4 in Fighting
  3698 | D:4      | Noticed Menkaure
  3904 | D:4      | Killed Menkaure
  3905 | D:4      | Reached skill level 5 in Maces & Flails
  4011 | D:4      | Reached XP level 7. HP: 38/38 MP: 11/11
  4265 | D:2      | Bought a scroll of identify for 20 gold pieces
  4435 | D:5      | Entered Level 5 of the Dungeon
  4576 | D:5      | Noticed a steam dragon
  4795 | D:1      | Bought a potion of berserk rage for 50 gold pieces
  5053 | D:5      | Found Uppoarr's Magic Scroll Boutique.
  5352 | D:5      | Reached skill level 5 in Fighting
  5653 | D:6      | Found a staircase to the Ecumenical Temple.
  5671 | Temple   | Entered the Ecumenical Temple
  5801 | D:6      | Gained mutation: You have razor-sharp teeth. [Vine Stalker
                  | growth]
  5801 | D:6      | Reached XP level 8. HP: 42/43 MP: 10/12
  5838 | D:6      | Noticed Duvessa
  5838 | D:6      | Noticed Dowan
  5874 | D:6      | Killed Duvessa
  5952 | D:6      | Noticed Jeremiah
  5977 | D:6      | Found a transporter.
  5977 | D:6      | Noticed gruber's ghost (novice VSFi)
  5978 | D:6      | Found a transporter.
  6108 | D:6      | Noticed Maggie
  6511 | Temple   | Became a worshipper of Gozag Ym Sagoz the Greedy
  6983 | D:6      | Reached skill level 1 in Evocations
  7171 | D:7      | Noticed Prince Ribbit
  7180 | D:7      | Killed Prince Ribbit
  7181 | D:7      | Reached skill level 6 in Fighting
  7181 | D:7      | Reached XP level 9. HP: 26/48 MP: 6/13
  7214 | D:7      | Found Zousast's Distillery.
  7223 | D:7      | Bought a potion of lignification for 42 gold pieces
  7223 | D:7      | Bought a potion of might for 56 gold pieces
  8322 | D:2      | Bought a scroll of fog for 40 gold pieces
  8322 | D:2      | Bought a scroll of butterflies for 40 gold pieces
  8411 | D:1      | Bought a potion of berserk rage for 60 gold pieces
  8554 | D:7      | Bought a potion of berserk rage for 70 gold pieces
  8687 | D:8      | Reached skill level 5 in Evocations
  8754 | D:8      | Found a staircase to the Lair.
  8889 | D:8      | Noticed a two-headed ogre
  8893 | D:8      | Killed a two-headed ogre
  8894 | D:8      | Reached skill level 7 in Fighting
  8894 | D:8      | Reached XP level 10. HP: 41/55 MP: 9/14
  9505 | D:6      | Killed Maggie
  9618 | D:7      | Bought a potion of haste for 140 gold pieces
  9783 | D:1      | Bought a potion of resistance for 120 gold pieces
 10103 | D:9      | Reached skill level 10 in Maces & Flails
 11084 | D:10     | Entered Level 10 of the Dungeon
 11380 | D:10     | Killed an unseen horror
 11381 | D:10     | Reached XP level 11. HP: 53/60 MP: 14/16
 12010 | D:5      | Bought a scroll of identify for 22 gold pieces
 12010 | D:5      | Bought a scroll of identify for 22 gold pieces
 12010 | D:5      | Bought a scroll of identify for 22 gold pieces
 12013 | D:5      | Bought a scroll of identify for 22 gold pieces
 12155 | D:1      | Bought a potion of invisibility for 96 gold pieces
 12768 | D:5      | Found Uppoarr's Magic Scroll Boutique.
 12795 | D:5      | Killed Dowan
 13066 | D:6      | Found a staircase to the Ecumenical Temple.
 13358 | D:6      | Killed Jeremiah
 13359 | D:6      | Reached skill level 8 in Fighting
 13475 | D:6      | Found a transporter.
 13482 | D:6      | Found a transporter.
 13887 | Lair:1   | Entered Level 1 of the Lair of Beasts
 14169 | Lair:1   | Reached skill level 5 in Spellcasting
 14409 | Lair:1   | Reached XP level 12. HP: 34/65 MP: 16/20
 14515 | Lair:1   | Reached skill level 9 in Fighting
 14827 | Lair:1   | Identified the +0 cloak "Qumuz" {^Drain Will+++ rCorr
                  | Int-2}
 15173 | Lair:2   | Found a shimmering altar of Xom.
 15329 | Lair:2   | Noticed a seven-headed hydra
 15334 | Lair:2   | Killed a seven-headed hydra
 15853 | Lair:2   | Noticed nj0rd12's ghost (journeyman MiFi)
 15914 | Lair:2   | Found a transporter.
 15916 | Lair:2   | Noticed an eight-headed hydra
 15931 | Lair:2   | Found a transporter.
 16290 | Lair:3   | Reached skill level 10 in Fighting
 16305 | Lair:3   | Found a gate leading to a gauntlet.
 16314 | Gauntlet | Entered a Gauntlet
 16314 | Gauntlet | Found a transporter.
 16317 | Gauntlet | Found a transporter.
 16337 | Gauntlet | Found a transporter.
 16337 | Gauntlet | Found a transporter.
 16357 | Gauntlet | Found a transporter.
 16370 | Gauntlet | Found a transporter.
 16372 | Gauntlet | Noticed a death yak
 16373 | Gauntlet | Noticed a death yak
 16375 | Gauntlet | Noticed a death yak
 16375 | Gauntlet | Noticed a death yak
 16377 | Gauntlet | Noticed a death yak
 16383 | Gauntlet | Found a transporter.
 16407 | Gauntlet | Found a transporter.
 16414 | Gauntlet | Noticed a thrashing horror
 16415 | Gauntlet | Found a transporter.
 16420 | Gauntlet | Noticed a thrashing horror
 16435 | Gauntlet | Found a transporter.
 16446 | Gauntlet | Found a transporter.
 16446 | Gauntlet | Found a transporter.
 16476 | Gauntlet | Noticed a wretched star
 16568 | Gauntlet | Reached XP level 13. HP: 29/72 MP: 21/21
 16666 | Gauntlet | Identified the staff "With Two Names" {rElec rPois rN+
                  | rCorr Necro}
 16666 | Gauntlet | Noticed a minotaur
 16675 | Gauntlet | Killed a minotaur
 16683 | Gauntlet | Identified the +9 ice dragon scales of Ignis's Generosity
                  | {rElec rF- rC++ Dex+4 Slay-3 SInv}
 16799 | Lair:3   | Found a staircase to the Shoals.
 16991 | Lair:3   | Reached skill level 10 in Evocations
 17365 | Lair:3   | Found a hole to the Spider Nest.
 17781 | Lair:4   | Upgraded the game from 0.32-a0-22-g6ae6769602 to
                  | 0.32-a0-30-gefbe487952
 17922 | D:5      | Bought a scroll of teleportation for 33 gold pieces
 18031 | D:2      | Bought a scroll of teleportation for 30 gold pieces
 18031 | D:2      | Bought a scroll of silence for 95 gold pieces
 18165 | D:7      | Bought a potion of magic for 112 gold pieces
 18165 | D:7      | Bought a potion of invisibility for 112 gold pieces
 18289 | Lair:4   | Reached skill level 1 in Dodging
 18803 | Lair:4   | Reached skill level 11 in Fighting
 19064 | Lair:4   | Found a viscous altar of Jiyva.
 19064 | Lair:4   | Found a staircase to the Slime Pits.
 19260 | Lair:4   | Noticed a fire dragon
 19375 | Lair:4   | Killed a fire dragon
 19674 | Lair:5   | Entered Level 5 of the Lair of Beasts
 19834 | D:5      | Bought a scroll of enchant armour for 82 gold pieces
 19905 | D:7      | Bought a potion of invisibility for 112 gold pieces
 20246 | Lair:5   | Reached XP level 14. HP: 79/79 MP: 22/22
 20341 | Lair:5   | Paralysed by a hornet for 3 turns
 21003 | Lair:5   | Reached skill level 12 in Fighting
 21107 | Lair:5   | Reached skill level 5 in Shields
 21133 | Lair:5   | Found a runed translucent gate.
 21133 | Lair:5   | Found a runed translucent gate.
 21133 | Lair:5   | Found a runed translucent gate.
 21134 | Lair:5   | Noticed an azure jelly
 21135 | Lair:5   | Noticed an acid blob
 21135 | Lair:5   | Noticed an azure jelly
 21135 | Lair:5   | Noticed an azure jelly
 21135 | Lair:5   | Noticed an azure jelly
 21136 | Lair:5   | Noticed an azure jelly
 21136 | Lair:5   | Noticed Wankojul's ghost (novice SpDe)
 21136 | Lair:5   | Noticed an acid blob
 21136 | Lair:5   | Noticed an acid blob
 21137 | Lair:5   | Noticed an acid blob
 21139 | Lair:5   | Found a viscous altar of Jiyva.
 21762 | Lair:2   | Killed nj0rd12's ghost
 22043 | D:4      | Killed t4s4d4r's ghost
 22196 | D:6      | Killed gruber's ghost
 22507 | D:11     | Reached skill level 5 in Armour
 22907 | D:11     | Found the +4 skin of Zhor {*Englaciate rC+++ SInv}
 22990 | D:11     | Noticed Lodul
 23010 | D:11     | Killed Lodul
 23498 | D:12     | Found a staircase to the Orcish Mines.
 23544 | D:12     | Noticed Gastronok
 23606 | Orc:1    | Entered Level 1 of the Orcish Mines
 23959 | Orc:2    | Entered Level 2 of the Orcish Mines
 24085 | Orc:2    | Reached XP level 15. HP: 82/85 MP: 23/23
 24139 | Orc:2    | Reached skill level 13 in Fighting
 24193 | Orc:2    | Reached skill level 5 in Dodging
 24287 | Orc:2    | Found a staircase to the Elven Halls.
 24422 | Orc:2    | Found Zyadeef's Magic Scroll Shoppe.
 24463 | Orc:2    | Found Paameta's Jewellery Shoppe.
 24467 | Orc:2    | Found Firahyc's Distillery.
 24500 | Orc:2    | Found Nunuemiphu's Antique Armour Emporium.
 24554 | Orc:2    | Bought a potion of haste for 140 gold pieces
 24554 | Orc:2    | Bought a potion of resistance for 140 gold pieces
 24561 | Orc:2    | Bought a scroll of fog for 68 gold pieces
 24561 | Orc:2    | Bought a scroll of blinking for 127 gold pieces
 24853 | Orc:2    | Bought a pair of warped boots for 285 gold pieces
 24853 | Orc:2    | Identified the +0 pair of boots "Mimmikuz" {MP+9} (You
                  | bought it in a shop on level 2 of the Orcish Mines)
 24863 | Orc:2    | Bought a fine chain mail for 285 gold pieces
 24863 | Orc:2    | Identified the +7 chain mail "Fyrafros" {Harm ^Drain Regen+
                  | Dex+6 SInv} (You bought it in a shop on level 2 of the
                  | Orcish Mines)
 24863 | Orc:2    | Bought a shiny kite shield for 225 gold pieces
 25351 | D:12     | Killed Gastronok
 25630 | D:12     | Noticed Josephine
 25640 | D:12     | Killed Josephine
 25929 | D:12     | Noticed Maurice
 25933 | D:12     | Maurice changed into Maurice the fire bat
 25933 | D:12     | Noticed Maurice
 25940 | D:12     | Killed Maurice the fire bat
 26029 | D:13     | Noticed Erolcha
 26053 | D:13     | Killed Erolcha
 26570 | D:13     | Reached skill level 14 in Fighting
 26598 | D:13     | Found a gate to the Vaults.
 26608 | D:13     | Found the +15 Maxwell's patent armour {-Cast -Tele rElec
                  | Will+ rCorr}
 26802 | D:13     | Reached XP level 16. HP: 89/93 MP: 24/24
 26833 | D:13     | Noticed Jorgrun
 26848 | D:13     | Killed Jorgrun
 27630 | D:14     | Found an ancient bone altar of Kikubaaqudgha.
 28209 | D:15     | Entered Level 15 of the Dungeon
 28693 | D:15     | Found a portal to a secret trove of treasure.
 29131 | D:15     | Found a staircase to the Depths.
 29377 | D:11     | Bought pitted fire dragon scales for 2145 gold pieces
 29377 | D:11     | Identified the +3 fire dragon scales of the Gazing Gods
                  | {rElec rF++ rC-} (You bought it in a shop on level 11 of
                  | the Dungeon)
 29513 | Spider:1 | Entered Level 1 of the Spider Nest
 29951 | Spider:1 | Noticed Rupert
 29965 | Spider:1 | Killed Rupert
 31450 | Spider:2 | Identified the serpent talisman of the Sky {rF+ Will- Int-5
                  | Dex+9}
 31450 | Spider:2 | Noticed Aizul
 31472 | Spider:2 | Killed Aizul
 31610 | Spider:2 | Reached skill level 15 in Fighting
 31625 | Spider:2 | Reached XP level 17. HP: 89/99 MP: 25/25
 32316 | Spider:3 | Noticed Nikola
 32327 | Spider:3 | Reached skill level 10 in Shields
 32338 | Spider:3 | Killed Nikola
 33331 | Spider:4 | Entered Level 4 of the Spider Nest
 33457 | Spider:4 | Identified the +5 falchion "Ypsuew" {heavy, rF+ Will+ Str+4
                  | Dex+2}
 33969 | Spider:4 | Noticed Donald
 34006 | Spider:4 | Killed Donald
 34613 | Spider:4 | Reached XP level 18. HP: 105/105 MP: 29/29
 34707 | Spider:4 | Got a gossamer rune of Zot
 35288 | Shoals:1 | Entered Level 1 of the Shoals
 35326 | Shoals:1 | Reached skill level 16 in Fighting
 35443 | Shoals:1 | Found a glacial archway.
 35449 | IceCv    | Entered an ice cave
 36038 | IceCv    | Identified the +11 scimitar of Irksome Tenacity {vamp, MP+9
                  | Str+5}
 36038 | IceCv    | Noticed an Ice Fiend
 36054 | IceCv    | Killed an Ice Fiend
 36118 | IceCv    | Got Sif Muna's Secrets of Ice
 37232 | Shoals:1 | Noticed Louise
 37266 | Shoals:1 | Killed Louise
 38194 | D:11     | Bought masterwork acid dragon scales for 1485 gold pieces
 38194 | D:11     | Identified the +0 acid dragon scales "Laqeus" {rCorr Str+3}
                  | (You bought it in a shop on level 11 of the Dungeon)
 38443 | D:1      | Bought the ring of Sasmaem {*Slow rPois rC++ Will+ AC+4}
                  | for 841 gold pieces
 39122 | Shoals:2 | Found Dizxe's Antique Weapon Shop.
 39528 | Shoals:3 | Reached skill level 15 in Maces & Flails
 39631 | Shoals:3 | Reached XP level 19. HP: 72/110 MP: 31/31
 40191 | Shoals:4 | Entered Level 4 of the Shoals
 40680 | Shoals:4 | Found a glowing silver altar of Zin.
 40697 | Shoals:4 | Identified the +2 trident "Huiwk" {drain, Will+ rCorr}
 40899 | Shoals:4 | Found a white marble altar of Elyvilon.
 41011 | Shoals:4 | Got a barnacled rune of Zot
 41172 | Shoals:4 | Identified the +5 glaive of Foul Odours {spect, rC+ rN++
                  | Dex-2}
 41366 | Shoals:4 | Found a glowing golden altar of the Shining One.
 41866 | Orc:2    | Bought a scroll of teleportation for 51 gold pieces
 41866 | Orc:2    | Bought a scroll of teleportation for 51 gold pieces
 41866 | Orc:2    | Bought a scroll of teleportation for 51 gold pieces
 42188 | D:1      | Bought 2 potions of curing for 60 gold pieces
 42554 | Vaults:1 | Entered Level 1 of the Vaults
 42747 | Vaults:1 | Noticed Boris
 42767 | Vaults:1 | Killed Boris
 42768 | Vaults:1 | Reached skill level 15 in Shields
 42825 | Vaults:1 | Reached skill level 17 in Fighting
 43025 | Vaults:1 | Reached XP level 20. HP: 115/117 MP: 33/33
 43420 | Vaults:1 | Noticed Zenata
 43428 | Vaults:1 | Killed Zenata
 43890 | Vaults:1 | Reached skill level 10 in Armour
 44122 | Vaults:2 | Found a magical portal.
 44127 | WizLab   | Entered Doroklohe's Tomb
 44596 | WizLab   | Noticed a dread lich
 44627 | WizLab   | Noticed a Brimstone Fiend
 44627 | WizLab   | Killed a dread lich
 45412 | Vaults:2 | Found Cemaaj's Assorted Antiques.
 45458 | Vaults:2 | Bought a glowing helmet for 285 gold pieces
 45459 | Vaults:2 | Bought a pair of embroidered gloves for 285 gold pieces
 45470 | Vaults:2 | Bought a scroll of fog for 152 gold pieces
 45470 | Vaults:2 | Bought a scroll of brand weapon for 361 gold pieces
 45470 | Vaults:2 | Bought a scroll of vulnerability for 152 gold pieces
 45551 | Vaults:2 | Reached skill level 10 in Dodging
 45723 | Vaults:2 | Found Woetuobo's Jewellery Shoppe.
 45727 | Vaults:2 | Bought the ring "Zidian" {rPois rC+ rN+ Str+2 Dex-4} for
                  | 579 gold pieces
 45891 | Vaults:2 | Reached XP level 21. HP: 123/123 MP: 35/35
 46051 | Vaults:2 | Found Xywimef's Antique Armour Emporium.
 46091 | Vaults:2 | Reached skill level 18 in Fighting
 46460 | Vaults:3 | Found a runed translucent gate.
 46460 | Vaults:3 | Found an opulent altar of Gozag.
 46460 | Vaults:3 | Found a runed translucent gate.
 46460 | Vaults:3 | Found a runed translucent gate.
 46461 | Vaults:3 | Noticed Qedwod's ghost (veteran DrFE)
 46480 | Vaults:3 | Reached skill level 10 in Spellcasting
 46513 | Vaults:3 | Killed Qedwod's ghost
 46673 | Vaults:3 | Noticed Boris
 46699 | Vaults:3 | Killed Boris
 46884 | Vaults:3 | Found a staircase to the Crypt.
 47165 | Vaults:3 | Found Ismaewk's Armour Shoppe.
 47304 | Vaults:3 | Noticed Sojobo
 47317 | Vaults:3 | Killed Sojobo
 48031 | Vaults:4 | Reached XP level 22. HP: 121/130 MP: 37/37
 48265 | Vaults:4 | Bought a faintly humming cloak for 209 gold pieces
 48265 | Vaults:4 | Identified the +2 cloak "Cogeivy" {Will+} (You bought it in
                  | a shop on level 4 of the Vaults)
 48266 | Vaults:4 | Bought a glowing helmet for 165 gold pieces
 48267 | Vaults:4 | Bought a faintly glowing plate armour for 616 gold pieces
 48267 | Vaults:4 | Identified the +6 plate armour of Impermeability {rF+ MP-9
                  | Str+7} (You bought it in a shop on level 4 of the Vaults)
 48322 | Vaults:4 | Bought a pitted plate armour for 616 gold pieces
 48322 | Vaults:4 | Identified the +8 plate armour of Grace {rPois MP+9 Int-3}
                  | (You bought it in a shop on level 4 of the Vaults)
 48478 | Vaults:4 | Identified the +1 halberd "Ysicw" {drain, rF++}
 48623 | Vaults:4 | Reached skill level 19 in Fighting
 48657 | Vaults:4 | Noticed a golden dragon
 48664 | Vaults:4 | Killed a golden dragon
 48668 | Vaults:4 | Identified the +1 buckler of Skepticism {Will+}
 49036 | Vaults:4 | Found Gauh Fym's Book Boutique.
 49531 | Elf:1    | Entered Level 1 of the Elven Halls
 50008 | Elf:1    | Noticed Kirke
 50020 | Elf:1    | Killed Kirke
 51046 | Elf:2    | Found a runed translucent gate.
 51047 | Elf:2    | Found a runed translucent gate.
 51047 | Elf:2    | Found a runed translucent gate.
 51228 | Elf:2    | Noticed Saint Roka
 51246 | Elf:2    | Killed Saint Roka
 51543 | Elf:3    | Entered Level 3 of the Elven Halls
 52187 | Elf:3    | Identified the ring "Ethin" {rF+ EV+5}
 52198 | Elf:3    | Reached XP level 23. HP: 118/137 MP: 36/39
 52242 | Elf:3    | Identified the ring "Bummadipp" {rElec Str+3 SInv}
 52295 | Elf:3    | Identified the +0 leather armour of Mysticism {rCorr}
 52558 | Elf:3    | Reached skill level 20 in Fighting
 52650 | Elf:3    | Got the Almanac of Topology
 52669 | Elf:3    | Identified the +5 flail "Sygic" {drain, rElec rF++ Will-
                  | Int-4}
 53259 | Depths:1 | Entered Level 1 of the Depths
 53583 | Depths:1 | Identified the +8 dagger "Wueloj" {venom, *Corrode Will+
                  | Str+3}
 53585 | Depths:1 | Found a gateway to Hell.
 53659 | Depths:1 | Identified the +0 quarterstaff "Ogreslayer" {freeze,
                  | ^Fragile rPois rCorr}
 53662 | Depths:1 | You fall into a shaft and drop 1 floor!
 53799 | Depths:1 | Bought a potion of might for 60 gold pieces
 53799 | Depths:1 | Bought a potion of berserk rage for 75 gold pieces
 53799 | Depths:1 | Bought a potion of curing for 45 gold pieces
 53799 | Depths:1 | Bought a potion of enlightenment for 75 gold pieces
 53799 | Depths:1 | Bought a potion of curing for 45 gold pieces
 53799 | Depths:1 | Bought a potion of mutation for 120 gold pieces
 53890 | Depths:1 | Found the +3 crown of Dyrovepreva {rElec Int+2 SInv}
 54959 | Depths:2 | Found a one-way gateway to a ziggurat.
 55125 | Depths:2 | Found Nesink's Armour Emporium.
 55129 | Depths:2 | Found Econicw's Weapon Shoppe.
 55130 | Depths:2 | Found Ridgho Jobixt's Armour Emporium.
 55360 | Depths:2 | Found a runed translucent gate.
 55360 | Depths:2 | Found a runed translucent gate.
 55360 | Depths:2 | Found a runed translucent gate.
 55375 | Depths:2 | Identified the +6 sling of Zatir {speed, rC- Will+ SInv}
 55390 | Abyss:2  | Cast into level 2 of the Abyss (merfolk javelineer)
 55560 | Abyss:3  | Found a corrupted altar of Lugonu.
 55636 | Abyss:3  | Noticed an ancient lich
 55643 | Abyss:3  | Reached XP level 24. HP: 81/144 MP: 40/40
 55663 | Abyss:3  | Killed an ancient lich
 55677 | Abyss:3  | Noticed an ancient lich
 55683 | Abyss:3  | Killed an ancient lich
 55705 | Abyss:3  | Got an abyssal rune of Zot
 55741 | Depths:2 | Escaped the Abyss
 55802 | Depths:2 | Found a runed translucent gate.
 55802 | Depths:2 | Found a runed translucent gate.
 55802 | Depths:2 | Found a runed translucent gate.
 56392 | Depths:2 | Found a one-way gate leading to the halls of Pandemonium.
 56397 | Depths:2 | Reached skill level 21 in Fighting
 56731 | Depths:3 | Noticed a caustic shrike
 56735 | Depths:3 | Killed a caustic shrike
 56789 | Depths:3 | Found a one-way gate to the infinite horrors of the Abyss.
 58171 | Lair:5   | Killed Wankojul's ghost
 58589 | Depths:4 | Entered Level 4 of the Depths
 58980 | Depths:4 | Reached XP level 25. HP: 149/151 MP: 41/41
 59340 | Depths:4 | Noticed Parghit
 59367 | Depths:4 | Killed Parghit
 59711 | Orc:2    | Bought a scroll of enchant armour for 127 gold pieces
 60243 | Depths:4 | Found a gate to the Realm of Zot.
 60636 | Zot:1    | Entered Level 1 of the Realm of Zot
 60679 | Zot:1    | Reached skill level 22 in Fighting
 61296 | Slime:1  | Entered Level 1 of the Pits of Slime
 61681 | Slime:5  | Entered Level 5 of the Pits of Slime
 61742 | Slime:5  | Noticed the Royal Jelly
 61764 | Slime:5  | Killed the Royal Jelly
 62097 | Slime:5  | Identified a scroll of acquirement
 62126 | Slime:5  | Acquired 784 gold pieces
 62140 | Slime:5  | Got a slimy rune of Zot
 62154 | Slime:5  | Identified the +6 hand axe "Killer Bee's Curse" {freeze,
                  | rC++}
 62189 | Slime:5  | Identified the +10 great sword of Extermination {freeze,
                  | rElec}
 62228 | Slime:5  | Got the Directory of Fulgent Movement
 62232 | Slime:5  | Identified the +4 scimitar of Makhleb's Envy {spect, rPois
                  | Will+ MP+9}
 63099 | Slime:4  | Paralysed by a formless jellyfish for 1 turns
 63107 | Slime:4  | Paralysed by a formless jellyfish for 1 turns
 63612 | Vaults:5 | Entered Level 5 of the Vaults
 63777 | Vaults:5 | Reached XP level 26. HP: 158/158 MP: 42/42
 63895 | Vaults:5 | Identified the +2 leather armour of a Million Wonders {rC+
                  | Dex+6 Stlth+}
 63931 | Vaults:5 | Got the Elucidation of Friendly Graupel
 63935 | Vaults:5 | Identified the serpent talisman "Ocimuipp" {rElec rF+
                  | Dex+2}
 63958 | Vaults:5 | Identified the +2 helmet of Recklessness {rC+ SInv}
 64022 | Vaults:5 | Reached skill level 15 in Spellcasting
 64226 | Vaults:5 | Reached skill level 23 in Fighting
 64269 | Vaults:5 | Identified the +10 quick blade "Safaabot" {freeze, rElec
                  | rN+ Will+ Str-5}
 64279 | Vaults:5 | Got the Atlas of the Undead and Topography
 64374 | Vaults:5 | Identified the +5 morningstar "Leviticus" {flame, rPois
                  | rCorr Stlth+}
 65117 | Vaults:5 | Got a silver rune of Zot
 65211 | Vaults:5 | Identified the +5 orcbow "Egynn" {speed, *Slow rElec rN++}
 65216 | Abyss:3  | Cast into level 3 of the Abyss (vault guard)
 65281 | Vaults:5 | Escaped the Abyss
 66008 | Zot:1    | Bought a slimy chain mail for 532 gold pieces
 66008 | Zot:1    | Identified the +4 chain mail of Omission {Str+4} (You
                  | bought it in a shop on level 1 of the Realm of Zot)
 66011 | Zot:1    | Bought a scroll of fear for 88 gold pieces
 66011 | Zot:1    | Bought a scroll of fear for 88 gold pieces
 66011 | Zot:1    | Bought a scroll of teleportation for 66 gold pieces
 66011 | Zot:1    | Bought a scroll of enchant armour for 165 gold pieces
 66011 | Zot:1    | Bought a scroll of fear for 88 gold pieces
 66523 | Zot:1    | Reached skill level 15 in Armour
 66778 | Zot:1    | Noticed an orb of fire
 66784 | Zot:1    | Gained mutation: Your muscles are strong. (Str +4, Int/Dex
                  | -1) [an orb of fire]
 66792 | Zot:1    | Killed an orb of fire
 67076 | Zot:2    | Reached XP level 27. HP: 153/165 MP: 43/43
 67366 | Zot:2    | Noticed an orb of fire
 67374 | Zot:2    | Killed an orb of fire
 67998 | Zot:2    | Reached skill level 15 in Dodging
 68526 | Zot:3    | Reached skill level 24 in Fighting
 68806 | Zot:3    | You fall into a shaft and drop 1 floor!
 69054 | Zot:3    | Noticed an ancient lich
 69134 | Zot:3    | Found the +4 dragonskin cloak
 69134 | Zot:3    | Noticed Tiamat
 69440 | Zot:3    | Killed Tiamat
 70960 | Zot:5    | Entered Level 5 of the Realm of Zot
 71485 | Zot:5    | Noticed an orb of fire
 71485 | Zot:5    | Noticed an orb of fire
 71487 | Zot:5    | Gained mutation: You are clumsy. (Dex -2) [an orb of fire]
 71491 | Zot:5    | Noticed an orb of fire
 71493 | Zot:5    | Killed an orb of fire
 71509 | Zot:5    | Killed an orb of fire
 71510 | Zot:5    | Reached skill level 25 in Fighting
 71518 | Zot:5    | Killed an orb of fire
 71551 | Zot:5    | Noticed an ancient lich
 71556 | Zot:5    | Killed an ancient lich
 71561 | Zot:5    | Noticed an ancient lich
 71565 | Zot:5    | Killed an ancient lich
 71963 | Zot:5    | Noticed an orb of fire
 71965 | Zot:5    | Gained mutation: You occasionally lose the ability to read
                  | scrolls when taking damage. [an orb of fire]
 71977 | Zot:5    | Gained mutation: You sometimes lose the ability to read
                  | scrolls when taking damage. [an orb of fire]
 71979 | Zot:5    | Killed an orb of fire
 71984 | Zot:5    | Reached skill level 15 in Evocations
 72002 | Zot:5    | Noticed a dread lich
 72012 | Zot:5    | Killed a dread lich
 72219 | Zot:5    | Lost mutation: You are clumsy. (Dex -2) [potion of
                  | mutation]
 72219 | Zot:5    | Lost mutation: You sometimes lose the ability to read
                  | scrolls when taking damage. [potion of mutation]
 72219 | Zot:5    | Lost mutation: You occasionally lose the ability to read
                  | scrolls when taking damage. [potion of mutation]
 72219 | Zot:5    | Gained mutation: Your spells are a little harder to cast,
                  | but a little more powerful. [potion of mutation]
 72219 | Zot:5    | Lost mutation: Your muscles are strong. (Str +4, Int/Dex
                  | -1) [potion of mutation]
 72219 | Zot:5    | Gained mutation: You sometimes lose your temper in combat.
                  | [potion of mutation]
 72220 | Zot:5    | Lost mutation: Your spells are a little harder to cast, but
                  | a little more powerful. [potion of mutation]
 72220 | Zot:5    | Lost mutation: You sometimes lose your temper in combat.
                  | [potion of mutation]
 72220 | Zot:5    | Gained mutation: You are dopey. (Int -2) [potion of
                  | mutation]
 72220 | Zot:5    | Gained mutation: You have an increased reservoir of magic.
                  | (+10% MP) [potion of mutation]
 72220 | Zot:5    | Gained mutation: You have a pair of small antennae on your
                  | head. [potion of mutation]
 72308 | Zot:5    | Got the Orb of Zot
 72317 | Zot:5    | Noticed Lujaclud the pandemonium lord
 72603 | Depths:2 | Gained mutation: You are weak. (Str -2) [a neqoxec]
 73036 | D:$      | Escaped with the Orb!

Illustrated notes

Levels and vault maps discovered:
D:1:      minmay_arrival_nine_rooms, layout_basic, serial_shops,
          nicolae_shop_back_alley_shop, nicolae_shop_getting_attention, shop,
          grunt_decor_fettered, nicolae_twisty_statue_hallways
D:2:      wander_river, layout_basic, basic_altar, serial_shops,
          nicolae_shop_tiny_real_fake_doors,
          shapermc_ecumenical_altar_rom_forum, serial_rivers,
          chequers_serial_rivers_micro_e, chequers_serial_rivers_marsh,
          chequers_serial_rivers_small_b, chequers_serial_rivers_micro_d
D:3:      layout_basic, nicolae_vehumet_altar_sigil, kennysheep_crisscross
D:4:      layout_loops_cross, grunt_temple_overflow_diamond,
          gammafunk_ghost_nasty_kobolds, uniq_menkaure
D:5:      layout_gridville, serial_shops, shop
D:6:      layout_loops_corners, minmay_temple_entry_offerings,
          gammafunk_ghost_arena, kennysheep_path_1,
          chequers_serial_rivers_micro_d, uniq_maggie, uniq_jeremiah,
          uniq_duvessa
D:7:      layout_basic, serial_shops, shop, minmay_misc_feat_plants,
          kennysheep_boxes, uniq_prince_ribbit1
D:8:      layout_loops_ring, lair_entry_dummy, small_statue_intersection,
          kennysheep_potato
D:9:      layout_loops_corners, minivault_22
D:10:     layout_roguey
D:11:     cheibrodos_elevator_heist, layout_loops_ring, st_stairs_7,
          hellmonk_guarded_unrand_zhor, uniq_lodul
D:12:     layout_gridville, orc_0_dummy, uniq_gastronok, uniq_josephine,
          uniq_maurice
D:13:     minmay_distorted_concentric_squares, layout_long_grid,
          ximxim_vaults_locker_room, uniq_jorgrun, uniq_erolcha
D:14:     layout_grid_maze, nrook_uturn, kiku_gazebo_pond_becter
D:15:     grunt_enter_depths_hoard, layout_loops_cross,
          nicolae_trove_entry_path_of_doom
Temple:   mainiacjoe_temple_bowtie_tessellation
Lair:1:   layout_small_grid, cheibrodos_lair_lostbears
Lair:2:   layout_regular_city, basic_altar, gammafunk_ghost_berserking_beasts
Lair:3:   layout_cave_pods, minmay_shoals_entry_hut,
          spider_nest_entry_web_field, gauntlet_entry_generic, lemuel_fruit_tree
Lair:4:   layout_regular_city, dpeg_slime_entry_enclosed,
          bobbens_dragon_lair_wall
Lair:5:   wormcave, layout_regular_city, gammafunk_ghost_ooze,
          kennysheep_basilisk_garden
Shoals:1: layout_shoals, portal_ice_cave_entry_dragon, argonaut_gorgonesque,
          uniq_louise
Shoals:2: layout_shoals, serial_shops, nicolae_shop_tiny_waterfront
Shoals:3: layout_shoals
Shoals:4: shoals_end_hellmonk_holy_island
Spider:1: layout_chambers, nicolae_spider_moth_buddies,
          hangedman_spider_tarantella_strand, uniq_rupert
Spider:2: layout_spider_delve, uniq_aizul
Spider:3: layout_spider_delve, uniq_nikola
Spider:4: floodkiller_spider_rune_tomb, uniq_donald
Slime:1:  layout_caves
Slime:2:  layout_caves
Slime:3:  nicolae_slime_jelly_donut, layout_caves,
          nicolae_slime_rock_hall_of_fame
Slime:4:  layout_caves, nicolae_slime_crime_time
Slime:5:  slime_pit_nicolae_block_by_block
Orc:1:    layout_caves, special_room [special_room_orc]
Orc:2:    st_orc_open, layout_caves
Elf:1:    layout_geoelf_octagon, hangedman_elven_crosses_minicolossus,
          minivault_16, st_stairs_12, uniq_kirke
Elf:2:    nicolae_elf_blades_crystal_corner, layout_gridlike, uniq_asterion,
          uniq_saint_roka
Elf:3:    minmay_elf_hall_not_hex, layout_loops_corners
Vaults:1: hangedman_vaults_slice, v_alt_pattern_4,
          serial_library_regret_index_small_wings, ontoclasm_vaults_ring_small,
          nicolae_vaults_little_squares_3, ontoclasm_vaults_twist,
          nicolae_vaults_triangles, vaults_room_boxed, nicolae_vaults_rhombus_5,
          dpeg_vaults_waves, nicolae_vaults_stepped_doors, vaults_room_grid,
          ontoclasm_vaults_fault, nicolae_vaults_diamond_1, layout_vaults_ring,
          uniq_zenata, uniq_boris
Vaults:2: mu_enter_wizlab_6, ontoclasm_vaults_gateway, nicolae_vaults_network_s,
          nicolae_vaults_inception_statues, nicolae_vaults_variable_pillar_hall,
          v_pattern_1, nicolae_vaults_tetromino_L_2, vaults_mumra_minichess,
          v_rooms_4, hangedman_vaults_stagger, hangedman_vaults_corner,
          nicolae_vaults_tangram_2, nicolae_vaults_house_3,
          nicolae_vaults_rhombus_6, nicolae_vaults_house_1,
          layout_vaults_omnibox, serial_shops, shop, shop, shop
Vaults:3: ebering_ghost_gozag, vaults_room_fours, nicolae_vaults_tetromino_L_1,
          nicolae_vaults_prndl, st_squares, v_misc_8,
          nicolae_vaults_trapezoid_lopsided_3, blue_anna_dwarven_crypt,
          hangedman_vaults_river_flow, ontoclasm_vaults_ring_small,
          grunt_vaults_funnel, layout_vaults_chaotic_city, serial_shops, shop,
          uniq_sojobo
Vaults:4: v_misc_4, v_misc_12, nicolae_vaults_big_ls, vaults_dpeg_ring,
          vaults_room_large_hall, nicolae_vaults_tetromino_L_1,
          vaults_standard_mumra_lines, hangedman_vaults_cutoff,
          st_smaller_cells, grunt_vaults_swirl, v_misc_13,
          nicolae_vaults_tetromino_L_1, nicolae_vaults_tangram_2,
          layout_vaults_maze_snakey, serial_shops, nicolae_shop_stone
Vaults:5: serial_shops
Depths:1: layout_big_octagon, hell_entry, wad_floor_pattern_untrapped,
          grunt_ministairs_6, minmay_guarded_unrand_dyrovepreva
Depths:2: kennysheep_treasure_stockpile, layout_cave_shapes, enter_ziggurat_e,
          hell_entry, rand_demon_pan_entry_9, infiniplex_staircase_pillars_3a,
          minmay_shop_star
Depths:3: minmay_quantized_circle, layout_cave_shapes, kennysheep_another_room,
          abyss_entry, hell_entry, grunt_pan_entry_sceptre
Depths:4: evilmike_zot_entry_round, layout_honeycomb, grunt_metal_band,
          hangedman_abyss_or_decor_passed, serial_co_window_serial,
          co_window_cross_1, co_window_paths_a, co_window_of_opportunity_a,
          co_window_corner_a, co_window_corner_a, co_window_of_opportunity_a,
          co_window_corner_a, co_window_corner_b, co_window_corner_b,
          co_window_paths_c, co_window_broadway_c, glass_columns_b,
          glass_columns_a, glass_columns_c, glass_columns_a, uniq_parghit
Zot:1:    layout_twisted_circle
Zot:2:    layout_cathedral_of_symmetry
Zot:3:    grunt_deathspiral_small, layout_concentric_octagons, uniq_tiamat
Zot:4:    layout_gridville, st_single_dragon_hoard_4
Zot:5:    layout_basic

Skill      XL: |  1  2  3  4  5  6  7  8  9 10 11 12 13 14 15 16 17 18 19 20 21 22 23 24 25 26 27 |
---------------+----------------------------------------------------------------------------------+-----
Maces & Flails | 2 3 4 5 6 7 9 10 12 13 14 15 16 | 16.0
Fighting       | 3 4 5 6 7 8 10 11 12 14 15 16 17 18 19 20 21 22 23 25 | 25.5
Spellcasting   | 1 2 3 5 6 7 8 9 10 11 12 13 14 15 | 15.7
Evocations     | 2 5 7 8 9 10 11 12 13 15 | 15.0
Shields        | 4 5 7 9 12 13 15 17 18 19 20 21 22 | 22.6
Dodging        | 2 4 6 7 8 9 10 11 12 13 14 16 | 16.2
Armour         | 3 5 6 7 8 9 10 11 12 13 14 15 16 | 16.5

Action                     |  1- 3 |  4- 6 |  7- 9 | 10-12 | 13-15 | 16-18 | 19-21 | 22-24 | 25-27 || total
---------------------------+-------+-------+-------+-------+-------+-------+-------+-------+-------++-------
  Melee: Flail             |   102 |    77 |   220 |   619 |  1625 |  2064 |       |       |       ||  4707
         Bite              |    14 |    17 |    65 |   292 |   708 |  1183 |   839 |   716 |  1229 ||  5063
         Morningstar       |       |       |       |    60 |       |       |       |       |       ||    60
         Eveningstar       |       |       |       |       |       |   255 |  1709 |  1577 |  2231 ||  5772
  Throw: Boomerang         |       |    23 |       |       |       |       |       |       |       ||    23
         Dart              |       |       |       |     4 |    21 |    12 |       |       |       ||    37
         Throwing net      |       |       |       |       |       |       |       |       |     2 ||     2
 Invoke: Call Merchant     |       |       |       |     1 |     3 |     1 |       |     2 |     4 ||    11
         Potion Petition   |       |       |       |       |       |       |     2 |       |     2 ||     4
         Bribe Branch      |       |       |       |       |       |       |       |       |     1 ||     1
Ability: Begin Untransform |       |       |       |       |       |     1 |       |       |       ||     1
  Evoke: Wand              |       |       |    22 |    14 |    19 |    58 |    10 |     3 |    16 ||   142
         Lightning rod     |       |       |       |     7 |    12 |     1 |       |       |       ||    20
         Phantom mirror    |       |       |       |       |     1 |     2 |     3 |     1 |     2 ||     9
         Condenser vane    |       |       |       |       |       |       |       |       |     2 ||     2
         Sack of spiders   |       |       |       |       |       |       |       |       |     2 ||     2
    Use: Scroll            |       |     5 |     8 |    18 |     5 |    12 |     9 |     2 |    18 ||    77
         Potion            |       |     1 |     4 |     4 |     6 |     8 |     2 |     3 |    10 ||    38
   Stab: Distracted        |       |       |     1 |     3 |     3 |    12 |    10 |    11 |    17 ||    57
         Paralysed         |       |       |       |     8 |     8 |     4 |     3 |       |       ||    23
         Invisible         |       |       |       |       |     5 |     3 |       |       |       ||     8
         Held in net/web   |       |       |       |       |       |       |       |       |     1 ||     1
 Armour: Scale mail        |    34 |       |       |       |       |       |       |       |       ||    34
         Chain mail        |    27 |    53 |    58 |       |       |       |       |       |       ||   138
         Leather armour    |       |       |    90 |    20 |       |       |       |       |       ||   110
         Swamp dragon scal |       |       |       |   495 |   898 |   862 |       |       |       ||  2255
         Skin              |       |       |       |    13 |       |     1 |       |       |       ||    14
         Ice dragon scales |       |       |       |       |    24 |   136 |       |       |       ||   160
         Fire dragon scale |       |       |       |       |       |    64 |   870 |   369 |       ||  1303
         Plate armour      |       |       |       |       |       |       |       |   412 |    41 ||   453
         Gold dragon scale |       |       |       |       |       |       |       |       |  1206 ||  1206
  Dodge: Dodged            |    28 |    20 |    69 |   268 |   691 |  1436 |   733 |   603 |   725 ||  4573
  Block: Buckler           |    17 |    18 |    40 |   126 |   281 |       |       |       |       ||   482
         Kite shield       |       |       |       |       |   267 |  1838 |  1416 |  1239 |  1582 ||  6342
         Tower shield      |       |       |       |       |       |       |       |       |   158 ||   158
         Reflection        |       |       |       |       |       |       |       |       |     2 ||     2
   Form: Serpent           |       |       |       |       |       |     1 |       |       |       ||     1

Table legend: (Time is in decaauts)
 A = Elapsed time spent in this place.
 B = Non-inter-level travel time spent in this place.
 C = Inter-level travel time spent in this place.
 D = Time resting spent in this place.
 E = Time spent auto-exploring this place.
 F = Levels seen in this place.
 G = Mean time per level.
                   A        B        C        D        E       F      G
               +--------+--------+--------+--------+--------+-----+--------+
         Total |  71016 |  59189 |  11827 |   1781 |  39822 |  59 | 1203.7 |
       Dungeon |  24276 |  16587 |   7689 |    612 |  11847 |  15 | 1618.4 |
        Temple |     75 |      9 |     66 |      0 |      0 |   1 |   75.0 |
          Lair |   7599 |   6360 |   1239 |    302 |   4185 |   5 | 1519.8 |
        Shoals |   4287 |   4030 |    257 |     15 |   2596 |   4 | 1071.8 |
   Spider Nest |   5442 |   5276 |    166 |    193 |   3439 |   4 | 1360.5 |
    Slime Pits |   1811 |   1689 |    122 |      8 |    941 |   5 |  362.2 |
  Orcish Mines |   1735 |   1432 |    303 |     44 |    838 |   2 |  867.5 |
   Elven Halls |   3605 |   3301 |    304 |     47 |   2400 |   3 | 1201.7 |
        Vaults |   7900 |   7329 |    571 |     67 |   4846 |   5 | 1580.0 |
        Depths |   5323 |   4613 |    710 |      3 |   3349 |   4 | 1330.8 |
           Zot |   6449 |   6053 |    396 |    233 |   4202 |   5 | 1289.8 |
         Abyss |    400 |    400 |      0 |      0 |    177 |   3 |  133.3 |
      Ice Cave |   1054 |   1054 |      0 |      0 |    606 |   1 | 1054.0 |
        Wizlab |    696 |    696 |      0 |    254 |    169 |   1 |  696.0 |
      Gauntlet |    358 |    358 |      0 |      0 |    224 |   1 |  358.0 |
               +--------+--------+--------+--------+--------+-----+--------+

Top non-repeatable levels by time:
     D:6: 2720 daAuts
     D:5: 2060 daAuts
     D:4: 1941 daAuts
    D:15: 1899 daAuts
   Zot:3: 1729 daAuts
Vaults:5: 1708 daAuts
  Lair:5: 1704 daAuts
Vaults:4: 1652 daAuts
Vaults:1: 1637 daAuts
     D:7: 1634 daAuts
     D:2: 1626 daAuts
Depths:2: 1615 daAuts
  Lair:3: 1593 daAuts
Vaults:3: 1569 daAuts
   Elf:3: 1555 daAuts
